 Dungeon Crawl Stone Soup version 0.28-a0-793-g31680bbd8b (webtiles) character file.

Game seed: 442590855905748531

19 spiderkeys the Ducker (level 2, 0/14 HPs)
             Began as a Felid Abyssal Knight on Nov 4, 2021.
             Was a Follower of Lugonu.
             Slain by a jackal (2 damage)
             ... on level 1 of the Dungeon.
             The game lasted 00:01:24 (1553 turns).

spiderkeys the Ducker (Felid Abyssal Knight)        Turns: 1553, Time: 00:01:24

Health: 0/14       AC:  1    Str:  9    XL:     2   Next: 55%
Magic:  4/4        EV: 18    Int: 11    God:    Lugonu [*.....]
Gold:   30         SH:  0    Dex: 18    Spells: 1/1 levels left
                                        Lives:  0   Deaths: 0

rFire   . . .      SeeInvis +     - Unarmed
rCold   . . .      Faith    .   (shield unavailable)
rNeg    . . .      Spirit   .   (armour unavailable)
rPois   .          Reflect  .   (helmet unavailable)
rElec   .          Harm     .   (cloak unavailable)
rCorr   .          Rampage  .   (gloves unavailable)
Will    .....                   (boots unavailable)
Stlth   ++........              (no amulet)
HPRegen 0.04/turn               (no ring)
MPRegen 0.09/turn               (no ring)

@: quick
A: very small, claws 1, fangs 3, see invisible, speed 1, shaggy fur 1, stealthy
paws, no weapons or thrown items, no armour, multi-lived, agile 1, low mp 1,
evolution 1
a: Renounce Religion, Depart the Abyss


You were on level 1 of the Dungeon.
You worshipped Lugonu.
Lugonu was aware of your devotion.
You visited 1 branch of the dungeon, and saw 2 of its levels.
You visited the Abyss 1 time.

You collected 30 gold pieces.


Innate Abilities, Weirdness & Mutations

You have sharp claws.
You have razor-sharp teeth.
You have supernaturally acute eyesight. (SInv)
You cover ground quickly. (Speed+)
You are covered in fur. (AC +1)
Your paws help you pounce on unaware monsters.
You are incapable of wielding weapons or throwing items.
You cannot wear armour.
You gain extra lives every three experience levels.
You are agile. (Dex +2)
Your magical capacity is low. (-10% MP)
You have hidden genetic potential.


   Skills:
 + Level 3.2 Fighting
 + Level 3.5 Dodging
 + Level 1.2 Stealth
 + Level 2.2 Unarmed Combat
 + Level 2.1 Invocations


You had one spell level left.
You didn't know any spells.
Your spell library was empty.

Inventory:

Scrolls
 b - a scroll of amnesia {unknown}
Potions
 a - a potion of haste {unknown}

Dungeon Overview and Level Annotations

Branches:
Dungeon (2/15)

Altars:

########## #.# ....<....# #.#
.........# #.# .........# #.#
.#.....#.# ##########.#
.#.....#.# #..........#
.........# #.##########
.........# #h###......########
.........# #)@S...............
#''###++## #..l#.#.#..########
.........# #...#......#
####.##### #...#......# ##
#.##########..........# #.
#..................)..# #.
####.########.####.#..#######.
#.# #....................'.
#.###.#########....#######.


You could see an adder, a jackal and a frilled lizard.


Message History

You take 1 damage, and now have 12/14 hp.
The bat hits you. 😕 HP[-1]
You take 1 damage, and now have 11/14 hp.
You scratch the bat.
You kill the bat!
Lugonu accepts your kill.
No target in view!
No target in view!
Key pressed, stopping explore.
Key pressed, stopping explore.
Key pressed, stopping explore.
A goblin comes into view. It is wielding a +0 club. 😎 HP[+3]
Your hp is fully restored (14).
The goblin shouts!
The goblin hits you with a +0 club. 😮 HP[-5]
You take 5 damage, and now have 9/14 hp.
MASSIVE DAMAGE!! (PAUSE)
You are too injured to fight recklessly!
You scratch the goblin. The goblin completely misses you.
You scratch the goblin but do no damage.
The goblin closely misses you.
You barely miss the goblin. The goblin misses you.
You scratch the goblin. The goblin barely misses you.
You scratch the goblin.
You kill the goblin!
Lugonu accepts your kill.
You see here a +0 club.
Key pressed, stopping explore.
Key pressed, stopping explore.
Key pressed, stopping explore.
Key pressed, stopping explore.
You see here a +0 dagger.
You open the door.
There is an open door here.
You now have 24 gold pieces (gained 9).
You now have 30 gold pieces (gained 6).
You open the large door.
There is a large open door here.
Done exploring. 😎 HP[+5]
Your hp is fully restored (14).
Done exploring.
There is a stone staircase leading down here.
You climb downwards.
The jackal barks! x2; You hear an angry hiss. x2
There is a stone staircase leading up here.
There are monsters nearby!
A frilled lizard and an adder come into view.
A jackal comes into view.
The frilled lizard hisses angrily.
You miss the jackal. You bite the jackal, but do no damage.
The jackal closely misses you. The jackal completely misses you.
You scratch the jackal.
You kill the jackal!
Lugonu accepts your kill. The jackal closely misses you.
The jackal completely misses you. The jackal misses you.
A ball python comes into view.
The frilled lizard closely misses you.
You barely miss the frilled lizard.
The ball python hisses angrily.
You bite the frilled lizard, but do no damage.
The jackal completely misses you.
The frilled lizard completely misses you.
A jackal comes into view.
The adder closely misses you.
The frilled lizard completely misses you.
There is a stone staircase leading up here.
The jackal misses you. The adder bites you. The frilled lizard misses you.
The adder bites you. The jackal barely misses you.
You climb upwards.
There is a stone staircase leading down here. 😮 HP[-4]
You take 4 damage, and now have 10/14 hp.
MASSIVE DAMAGE!! (PAUSE)
You barely miss the jackal. The adder closely misses you.
The jackal closely misses you. The frilled lizard barely misses you.
You barely miss the jackal. Your bite misses the jackal.
The jackal completely misses you. The adder misses you.
The frilled lizard misses you.
You miss the jackal. You bite the jackal, but do no damage.
The jackal closely misses you. The adder closely misses you.
The frilled lizard completely misses you.
The jackal bites you. 😮 HP[-2]
You take 2 damage, and now have 8/14 hp.
You scratch the jackal. The adder bites you.
* * * LOW HITPOINT WARNING * * *
The jackal bites you.
* * * LOW HITPOINT WARNING * * *
The frilled lizard misses you. The adder completely misses you.
Unknown command. 😱 HP[-6]
You take 6 damage, and now have 2/14 hp.
MASSIVE DAMAGE!! (PAUSE)
You barely miss the jackal. The jackal bites you.
You die...

Skill      XL: |  1  2 |
---------------+-------+-----
Invocations    | 2 |  2.1
Stealth        | 1 |  1.2
Fighting       | |  3.2
Dodging        | |  3.5
Unarmed Combat | |  2.2

Action                   || total
-------------------------++-------
Melee: Unarmed           ||    36
       Bite              ||     7
Invok: Depart the Abyss  ||     1
  Use: Scroll            ||     1
 Stab: Sleeping          ||     2
Dodge: Dodged            ||    44

Levels and vault maps discovered:
D:1:      lemuel_arrival_behind_the_door_large, layout_basic
D:2:      layout_rooms, basic_altar

Notes
Turn   | Place    | Note
-------+----------+-------------------------------------------
     0 | Abyss:1  | spiderkeys the Felid Abyssal Knight began the quest for the
                  | Orb.
     0 | Abyss:1  | Reached XP level 1. HP: 10/10 MP: 3/3
     0 | Abyss:1  | magus.rc [v1.9.10]
    38 | Abyss:2  | Noticed a raiju
    38 | Abyss:2  | Noticed a raiju
    38 | Abyss:2  | Noticed a raiju
    40 | Abyss:2  | Noticed a raiju
    71 | Abyss:2  | Noticed a smoke demon
    89 | Abyss:2  | Noticed an ancient zyme
    90 | Abyss:2  | Noticed a large abomination
    95 | Abyss:2  | Noticed a neqoxec
    95 | Abyss:2  | Noticed a small abomination
    98 | Abyss:2  | Gained mutation: You have hidden genetic potential. [a
                  | neqoxec]
   100 | Abyss:2  | Gained mutation: Your magical capacity is low. (-10% MP) [a
                  | neqoxec]
   102 | Abyss:2  | Noticed a starcursed mass
   105 | Abyss:2  | HP: 2/10 [starcursed mass/accursed screaming (8)]
   109 | Abyss:2  | Noticed an iron imp
   113 | D:1      | You pass through the gate.
   113 | D:1      | Escaped the Abyss
   643 | D:1      | Reached skill level 2 in Invocations
   643 | D:1      | Reached XP level 2. HP: 9/14 MP: 4/4
   647 | D:1      | Reached * piety under Lugonu
   648 | D:1      | Reached skill level 1 in Stealth
   668 | D:1      | Gained mutation: You are agile. (Dex +2) [hidden potential]
  1552 | D:1      | HP: 3/14 [adder (5)]
  1553 | D:1      | Slain by a jackal

Vanquished Creatures
  2 dart slugs (D:1)
  3 bats (D:1)
  An endoplasm (D:1)
  4 goblins (D:1)
  A jackal (D:2)
  2 kobolds (D:1)
13 creatures vanquished.

Table legend:
 A = Non-vault XP
 B = Vault XP
 C = Vault XP percentage of total XP
 D = Non-vault monster count
 E = Vault monster count
 F = Vault count percentage of total count
                 A         B        C        D         E       F
            +---------+---------+-------+---------+---------+-------
      Total |      28 |       0 |   0.0 |      13 |       0 |   0.0
            +---------+---------+-------+---------+---------+-------
        D:1 |      26 |       0 |   0.0 |      12 |       0 |   0.0
        D:2 |       2 |       0 |   0.0 |       1 |       0 |   0.0
            +---------+---------+-------+---------+---------+-------

Illustrated notes

Table legend:
 A = Kills in this place as a percentage of kills in entire the game.
 B = Kills by you in this place as a percentage of kills by you in the entire game.
 C = Kills by friends in this place as a percentage of kills by friends in the entire game.
 D = Other kills in this place as a percentage of other kills in the entire game.
 E = Experience gained in this place as a percentage of experience gained in the entire game.
 F = Experience gained in this place divided by the number of levels of this place that you have seen.
                   A       B       C       D       E      F
               +-------+-------+-------+-------+-------+----------------------
         Total | 100.0 | 100.0 |   N/A |   N/A | 100.0 |   7.0
       Dungeon | 100.0 | 100.0 |   N/A |   N/A | 100.0 |  14.0
               +-------+-------+-------+-------+-------+----------------------

Table legend: (Time is in decaauts)
 A = Elapsed time spent in this place.
 B = Non-inter-level travel time spent in this place.
 C = Inter-level travel time spent in this place.
 D = Time resting spent in this place.
 E = Time spent auto-exploring this place.
 F = Levels seen in this place.
 G = Mean time per level.
                   A        B        C        D        E       F      G
               +--------+--------+--------+--------+--------+-----+--------+
         Total |   1412 |   1398 |     14 |      0 |   1223 |   4 |  353.0 |
       Dungeon |   1321 |   1307 |     14 |      0 |   1223 |   2 |  660.5 |
         Abyss |     91 |     91 |      0 |      0 |      0 |   2 |   45.5 |
               +--------+--------+--------+--------+--------+-----+--------+

Top non-repeatable levels by time:
     D:1: 1314 daAuts
 Abyss:2: 85 daAuts
     D:2: 7 daAuts
 Abyss:1: 5 daAuts
